 Dungeon Crawl Stone Soup version 0.28-a0-1510-gd0f6b136d3 (webtiles) character file.

Game seed: 13545051563743621099

11264 HallandMoats the Fighter (level 11, -11/89 HPs)
             Began as a Ghoul Fighter on Jan 14, 2022.
             Was an Elder of Hepliaklqana.
             Hit by a large rock thrown by a cyclops (21 damage)
             ... on level 11 of the Dungeon.
             The game lasted 00:15:31 (11492 turns).

HallandMoats the Fighter (Ghoul Fighter)           Turns: 11492, Time: 00:15:32

Health: -11/89     AC: 12    Str: 29    XL:     11   Next: 75%
Magic:  16/16      EV: 26    Int:  3    God:    Hepliaklqana [****..]
Gold:   544        SH:  5    Dex: 10    Spells: 10/10 levels left

rFire   + . .      SeeInvis .   a - +9 flail "Sismaq" {vamp, Str+6}
rCold   + . .      Faith    .   o - +0 buckler
rNeg    + + +      Spirit   .   M - +1 scale mail {rF+}
rPois   ∞          Reflect  .   (no helmet)
rElec   .          Harm     .   F - +0 cloak
rCorr   +          Rampage  .   u - +1 pair of gloves
Will    .....                   (no boots)
Stlth   ..........              p - amulet of the acrobat
HPRegen 0.00/turn               B - ring of resist corrosion
MPRegen 0.15/turn               (no ring)

@: about to teleport, acrobatic, inhibited regen, invisible
A: reduced essence, claws 1, cold resistance 1, negative energy resistance 3,
inhibited regeneration, torment resistance 2
a: Renounce Religion, Recall Ancestor, Ancestor Identity, Transference, Idealise


You were on level 11 of the Dungeon.
You worshipped Hepliaklqana.
Hepliaklqana was greatly pleased with you.
You visited 1 branch of the dungeon, and saw 11 of its levels.
You also visited: Bailey.

You collected 544 gold pieces.

Inventory:

Hand Weapons
 a - the +9 flail "Sismaq" (weapon) {vamp, Str+6}
   (You took it off a gnoll on level 8 of the Dungeon)

   It occasionally heals its wielder for a portion of the damage dealt when it
   wounds a living foe.
   Str:       It affects your strength (+6).
 b - the +9 mace "Xaodwy" {vorpal, *Rage rCorr Int+3 Stlth+}
   (You found it on level 3 of the Dungeon)

   It inflicts extra damage upon your enemies.
   Int:       It affects your intelligence (+3).
   *Rage:     It berserks you when you make melee attacks (+20% chance).
   rCorr:     It protects you from acid and corrosion.
   Stlth:     It makes you more stealthy.
Missiles
 A - a throwing net (quivered)
Armour
 o - a +0 buckler (worn)
 t - a +3 leather armour of cold resistance
 u - a +1 pair of gloves (worn)
 F - a +0 cloak (worn)
 M - a +1 scale mail of fire resistance (worn)
Jewellery
 g - a ring of magical power
 p - an amulet of the acrobat (around neck)
 B - a ring of resist corrosion (left hand)
Wands
 n - a wand of mindburst (4)
 s - a wand of iceblast (10)
 E - a wand of acid (5)
Scrolls
 k - 3 scrolls of enchant weapon
 m - 3 scrolls of magic mapping
 r - 2 scrolls of silence
 w - 2 scrolls of teleportation
 x - a scroll of holy word {unknown}
 y - 3 scrolls of amnesia
 z - a scroll of summoning {unknown}
 D - a scroll of enchant armour {unknown}
 G - a scroll of fear {unknown}
 J - a scroll of fog {unknown}
 K - 2 scrolls of identify
 L - a scroll of brand weapon {unknown}
Potions
 c - 5 potions of might
 d - a potion of invisibility
 e - 3 potions of berserk rage {unknown}
 f - a potion of degeneration {unknown}
 h - 4 potions of brilliance {unknown}
 i - 2 potions of experience {unknown}
 j - a potion of curing {unknown}
 l - 3 potions of cancellation {unknown}
 q - a potion of attraction {unknown}
 v - 5 potions of heal wounds {unknown}
 C - 3 potions of haste {unknown}
 H - 3 potions of mutation {unknown}
 I - 5 potions of magic {unknown}


   Skills:
 * Level 10.0 Fighting
 * Level 7.5 Maces & Flails
 + Level 6.2 Armour
 + Level 5.4 Dodging
 - Level 7.5 Shields
 - Level 3.5 Unarmed Combat
 - Level 8.0 Invocations


You had 10 spell levels left.
You didn't know any spells.
Your spell library contained the following spells:

 Spells                   Type           Power      Damage    Failure   Level
 Sting                    Tmut/Pois      0%         1d3       83%         1
 Poisonous Vapours        Pois/Air       0%         N/A       93%         2
 Dazzling Flash           Conj/Hex       0%         N/A       99%         3
 Iskenderun's Mystic Bla  Conj/Tloc      0%         2d3       100%        4
 Olgreb's Toxic Radiance  Pois           0%         N/A       100%        4
 Iskenderun's Battlesphe  Conj           0%         2d6       100%        5
 Iron Shot                Conj/Erth      0%         9d1       100%        6
 Starburst                Conj/Fire      0%         6d3       100%        6
 Spellforged Servitor     Conj/Summ      0%         N/A       100%        7


Dungeon Overview and Level Annotations

Branches:
Dungeon (11/15)            Temple (0/1) D:5            Lair (0/6) D:9
    Orc (0/2) D:11         Bailey (visited)

Altars:
Hepliaklqana
Qazlal

Shops:
D:2 (   D:4 *   D:5 !


Innate Abilities, Weirdness & Mutations

Your life essence is reduced to manifest your ancestor. (-10% HP)
You thrive by killing the living.
You are immune to poison.
You have sharp fingernails.
Your flesh is cold resistant. (rC+)
You are immune to negative energy. (rN+++)
You do not regenerate when monsters are visible.
You are immune to unholy pain and torment.


Message History

The phantasmal warrior gestures at you.
The phantasmal warrior blinks!
Your surroundings suddenly seem different.
A deep elf pyromancer, a manticore, a cyclops, a troll, a yak and 2 centaurs come into view.
Found a long smoking staff, a black potion, 26 arrows and 16 gold pieces.
The centaur shouts!
The cyclops shouts!
The troll shouts!
The yak bellows!
The acid dragon roars!
You hear a shout!
You hear a bellow!
You hear a shout! x2
The centaur wields a +0 shortbow.
The centaur shoots an arrow.
The arrow hits you.
The centaur wields a +0 shortbow.
The centaur shoots an arrow.
The arrow hits you. The cyclops misses you.
The centaur shoots an arrow.
The arrow hits you but does no damage.
The deep elf pyromancer moves out of view.
The troll moves out of view.
Okay, then.
You fade into invisibility!
The centaur shoots an arrow.
The arrow hits you.
* * * LOW HITPOINT WARNING * * *
The centaur shoots an arrow.
The arrow barely misses you.
The arrow hits the centaur!
An orc comes into view. It is wielding a +0 falchion.
The yak gores you.
* * * LOW HITPOINT WARNING * * *
You hear a bellow! x2
Unknown command.
As you read the scroll of teleportation, it crumbles to dust.
You feel strangely unstable.
The centaur shoots an arrow.
The arrow hits you but does no damage. The cyclops hits you!
* * * LOW HITPOINT WARNING * * *
You block the yak's attack.
The centaur unwields a +0 shortbow.
The centaur hits you but does no damage.
The centaur completely misses you.
An orc wizard comes into view.
It is wielding a +0 dagger and wearing a +2 robe of positive energy.
Found four items.
The orc shouts!
You hear a shout!
An orc warrior comes into view. It is wielding a +0 long sword.
The centaur closely misses you. You block the centaur's attack.
The cyclops throws a large rock.
The large rock barely misses the centaur.
The large rock hits you!!
You die...

#. ! ## o..?
#...##.
###... ..###.
#####..
#..##$o
#....##.
#..##.e
...!(##.
#.D##..
H....##
##.o##|..[#
##.@###
#.)##.cY# ##
###C..c....#
.#####....###
#...#########
###. .
#####.. ## #
#. ..... #.
## ###### #R
#.


You could see a manticore, a cyclops, a deep elf pyromancer, a yak, an orc
warrior (wandering), an acid dragon, 2 centaurs, an orc wizard (wandering) and
an orc (wandering).

Vanquished Creatures
  Urug (D:11)
  An orc knight (Bailey)
  A cyclops (D:11)
  A troll (D:9)
  A hornet (D:9)
  9 yaks
  Eustachio (D:5)
  A vampire (D:9)
  5 wyverns
  A wraith (D:11)
  Grum (D:11)
  4 water moccasins (D:9)
  A necrophage (D:5)
  2 orc warriors
  An ice beast (D:5)
  A sky beast (D:7)
  4 ogres
  3 wolves (D:11)
  A phantom (D:5)
  3 kobold brigands
  A bullfrog (D:5)
  2 scorpions
  A wyvern skeleton (D:6)
  13 killer bees
  11 wights
  2 howler monkeys
  A bullfrog zombie (D:5)
  4 centaur zombies
  2 hounds (D:4)
  A jelly (D:6)
  A gnoll shaman (D:8)
  3 orc priests
  A bullfrog skeleton (D:7)
  A centaur skeleton (D:4)
  3 iguanas
  8 orc wizards
  A killer bee zombie (D:7)
  2 howler monkey zombies (D:9)
  11 gnolls
  3 adders
  A shadow imp (D:5)
  2 white imps
  4 worms
  5 dart slugs
  28 orcs
  A ball python (D:4)
  7 endoplasms
  3 giant cockroaches
  9 goblins
  10 hobgoblins
  3 jackals (D:1)
  10 kobolds
  A quokka (D:1)
  5 bats
  3 frilled lizards
  2 rats
209 creatures vanquished.

Vanquished Creatures (collateral kills)
  A two-headed ogre (D:9)
  A wyvern (D:8)
  A wraith (D:9)
  2 yaks
  A water moccasin (D:9)
  An orc warrior (D:9)
  2 centaurs
  A scorpion (D:4)
  A killer bee (D:9)
  A wight (D:7)
  A howler monkey (D:10)
  An electric eel (D:9)
  An orc priest (D:10)
  2 hounds
  Ijyb (D:3)
  2 orc wizards
  A gnoll (D:8)
  2 adders
  A white imp (D:6)
  14 orcs
  A giant cockroach (D:2)
  A hobgoblin (D:4)
  2 kobolds (D:7)
  A bat (D:2)
  A quokka skeleton (D:4)
  A rat (D:2)
45 creatures vanquished.

Vanquished Creatures (others)
  A wolf (D:11)
  5 hexers
  An ancestor (D:3)
  4 fungi (D:9)
  18 plants
29 creatures vanquished.

Grand Total: 283 creatures vanquished

Notes
Turn   | Place    | Note
-------+----------+-------------------------------------------
     0 | D:1      | HallandMoats the Ghoul Fighter began the quest for the Orb.
     0 | D:1      | Reached XP level 1. HP: 19/19 MP: 0/0
    94 | D:1      | Reached XP level 2. HP: 26/26 MP: 1/1
   406 | D:1      | Reached XP level 3. HP: 31/31 MP: 2/2
   549 | D:1      | Found a faded altar of an unknown god.
   560 | D:1      | Prayed at the altar of an unknown god.
   560 | D:1      | Became a worshipper of Hepliaklqana the Forgotten
   560 | D:1      | Reached * piety under Hepliaklqana
  1451 | D:2      | Found Soaxt's Antique Weapon Shop.
  1728 | D:3      | Noticed an ogre
  1734 | D:3      | HP: 1/29 [ogre (22)]
  2058 | D:3      | Killed an ogre
  2059 | D:3      | Reached skill level 4 in Fighting
  2059 | D:3      | Reached skill level 1 in Dodging
  2059 | D:3      | Reached skill level 1 in Invocations
  2059 | D:3      | Reached XP level 4. HP: 34/36 MP: 2/4
  2059 | D:3      | Reached XP level 5. HP: 39/41 MP: 2/5
  2246 | D:3      | Noticed Ijyb
  2254 | D:3      | Killed Ijyb
  2606 | D:3      | Identified the +9 mace "Xaodwy" {vorpal, *Rage rCorr Int+3
                  | Stlth+}
  2730 | D:3      | Found a stormy altar of Qazlal.
  2967 | D:4      | Reached ** piety under Hepliaklqana
  2968 | D:4      | Remembered your ancestor Betty White as a hexer
  3009 | D:4      | Found Reesowna's General Store.
  3014 | D:4      | Noticed an orc warrior
  3018 | D:4      | Reached XP level 6. HP: 45/47 MP: 6/6
  3042 | D:4      | Killed an orc warrior
  3043 | D:4      | Reached skill level 1 in Maces & Flails
  3295 | D:4      | Reached XP level 7. HP: 50/54 MP: 6/8
  3665 | D:4      | Reached skill level 5 in Fighting
  3882 | D:5      | Entered Level 5 of the Dungeon
  4035 | D:5      | Found Roful's Distillery.
  4127 | D:5      | Found a staircase to the Ecumenical Temple.
  4139 | D:5      | Reached XP level 8. HP: 62/62 MP: 9/9
  4386 | D:5      | Noticed Eustachio
  4399 | D:5      | Killed Eustachio
  4668 | D:5      | Reached skill level 5 in Shields
  4906 | D:5      | Reached skill level 6 in Fighting
  5235 | D:6      | Reached skill level 5 in Invocations
  5235 | D:6      | Reached XP level 9. HP: 67/67 MP: 11/11
  5401 | D:6      | Reached *** piety under Hepliaklqana
  6708 | D:7      | Reached skill level 7 in Fighting
  7390 | D:8      | Reached skill level 5 in Maces & Flails
  7541 | D:8      | Reached **** piety under Hepliaklqana
  7699 | D:8      | Identified the +9 flail "Sismaq" {vamp, Str+6}
  7713 | D:8      | Reached XP level 10. HP: 56/77 MP: 13/13
  8297 | D:9      | Reached skill level 5 in Armour
  8416 | D:9      | Reached skill level 8 in Fighting
  8540 | D:9      | Found a staircase to the Lair.
  8994 | D:9      | Reached XP level 11. HP: 74/85 MP: 15/15
  9237 | D:9      | Noticed a two-headed ogre
  9244 | D:9      | Killed a two-headed ogre
  9513 | D:10     | Entered Level 10 of the Dungeon
  9534 | D:10     | Reached skill level 9 in Fighting
  9607 | D:10     | Found a flagged portal.
  9679 | Bailey   | Entered a bailey
 10149 | Bailey   | Noticed an orc knight
 10163 | Bailey   | Killed an orc knight
 10164 | Bailey   | Reached skill level 5 in Dodging
 11039 | D:11     | Found a staircase to the Orcish Mines.
 11193 | D:11     | Noticed Grum
 11198 | D:11     | Noticed Urug
 11205 | D:11     | Killed Grum
 11232 | D:11     | Killed Urug
 11459 | D:11     | Noticed a cyclops
 11468 | D:11     | Killed a cyclops
 11475 | D:11     | Reached skill level 10 in Fighting
 11486 | D:11     | Noticed a phantasmal warrior
 11489 | D:11     | Noticed a deep elf pyromancer
 11489 | D:11     | Noticed a manticore
 11489 | D:11     | Noticed a cyclops
 11492 | D:11     | Hit by a large rock thrown by a cyclops

Illustrated notes

Levels and vault maps discovered:
D:1:      minmay_arrival_split_and_join, layout_rooms,
          ebering_ecumenical_altar_abandoned, glass_columns_a,
          minmay_misc_feat_rugged, serial_bayou_lake_a
D:2:      layout_basic, serial_shops, nicolae_shop_statue_plus
D:3:      layout_basic, mainiacjoe_overflow_alcove_2, uniq_ijyb
D:4:      layout_basic, serial_shops, nicolae_shop_stone,
          hangedman_decor_growths
D:5:      layout_loops_ring, minmay_temple_entry_steel_oval, chequers_arboretum,
          minmay_shop_grid_forest, lightli_corner_chamber, uniq_eustachio
D:6:      layout_rooms, minmay_misc_feat_encased
D:7:      layout_layer_cave, chequers_mini_garden
D:8:      layout_gridville, minivault_10
D:9:      cheibrodos_elevator_heist, layout_basic, minmay_lair_entry_grove,
          st_stairs_7, minmay_misc_feat_cross
D:10:     layout_rooms, enter_bailey_8
D:11:     layout_basic, orc_0_dummy, minmay_mirror_moons_of_madness, uniq_urug,
          uniq_grum

Skill      XL: |  1  2  3  4  5  6  7  8  9 10 11 |
---------------+----------------------------------+-----
Shields        | 3 4 5 6 7 |  7.5
Fighting       | 4 5 6 7 8 10 | 10.0
Armour         | 3 4 5 6 |  6.2
Dodging        | 1 2 3 4 5 |  5.4
Unarmed Combat | 3 |  3.5
Invocations    | 1 2 3 5 6 7 8 |  8.0
Maces & Flails | 1 2 3 5 6 7 |  7.5

Action                   |  1- 3 |  4- 6 |  7- 9 | 10-12 || total
-------------------------+-------+-------+-------+-------++-------
Melee: Unarmed           |   138 |    34 |       |       ||   172
       Mace              |       |    41 |   212 |     2 ||   255
       Flail             |       |       |       |   308 ||   308
Invok: Ancestor Identity |     1 |       |       |       ||     1
       Ancestor Life: He |       |     1 |       |       ||     1
       Recall Ancestor   |       |       |       |     1 ||     1
Evoke: Wand              |       |       |       |     1 ||     1
  Use: Scroll            |       |       |     5 |     7 ||    12
       Potion            |       |       |       |     5 ||     5
 Stab: Confused          |       |     1 |     3 |     4 ||     8
       Distracted        |       |       |     3 |     1 ||     4
       Sleeping          |       |       |     2 |       ||     2
       Invisible         |       |       |       |     3 ||     3
Armor: Scale mail        |    39 |    22 |    37 |    10 ||   108
       Leather armour    |       |       |    57 |    76 ||   133
Dodge: Dodged            |    56 |    27 |   164 |   216 ||   463
Block: Buckler           |    25 |    11 |    67 |    74 ||   177

Table legend: (Time is in decaauts)
 A = Elapsed time spent in this place.
 B = Non-inter-level travel time spent in this place.
 C = Inter-level travel time spent in this place.
 D = Time resting spent in this place.
 E = Time spent auto-exploring this place.
 F = Levels seen in this place.
 G = Mean time per level.
                   A        B        C        D        E       F      G
               +--------+--------+--------+--------+--------+-----+--------+
         Total |  11629 |  11209 |    420 |   2116 |   7118 |  12 |  969.1 |
       Dungeon |  10613 |  10193 |    420 |   1455 |   6925 |  11 |  964.8 |
        Bailey |   1016 |   1016 |      0 |    661 |    193 |   1 | 1016.0 |
               +--------+--------+--------+--------+--------+-----+--------+

Top non-repeatable levels by time:
     D:9: 1549 daAuts
     D:7: 1466 daAuts
     D:5: 1320 daAuts
     D:2: 1055 daAuts
  Bailey: 1016 daAuts
     D:1: 1003 daAuts
     D:4: 938 daAuts
     D:3: 926 daAuts
     D:8: 910 daAuts
    D:10: 514 daAuts
    D:11: 470 daAuts
     D:6: 457 daAuts
